 Dungeon Crawl Stone Soup version 0.30-a0-424-g7412bad402 (console) character file.

Game seed: 3573510286342768118

70 Ignak the Ogre Mage (level 4, -5/40 (42) HPs)
             Began as an Ogre Hedge Wizard on Dec 9, 2022.
             Slain by a gnoll
             ... wielding a +0 halberd
              (9 damage)
             ... on level 2 of the Dungeon.
             The game lasted 00:04:58 (1651 turns).

Ignak the Ogre Mage (Ogre Hedge Wizard)             Turns: 1651, Time: 00:04:58

HP:   -5/40 (42)    AC:  3    Str: 16    XL:     4   Next: 22%
MP:   7/9           EV:  9    Int: 15    God:
Gold: 71            SH:  0    Dex:  8    Spells: 2/10 levels left

rFire   . . .      SeeInvis .    p - +2 short sword (drain)
rCold   . . .      Faith    .    (no shield)
rNeg    . . .      Spirit   .    b - +0 robe
rPois   .          Reflect  .    c - +0 hat
rElec   .          Harm     .    (no cloak)
rCorr   .          Rampage  .    (gloves unavailable)
Will    .....                    (boots unavailable)
Stlth   ++........               (no amulet)
HPRegen 0.26/turn                (no ring)
MPRegen 0.11/turn                (no ring)

@: very slightly contaminated, lightly drained
A: large, unfitting armour, tough skin 1
a: no special abilities


You were on level 2 of the Dungeon.
You visited 1 branch of the dungeon, and saw 2 of its levels.

You collected 71 gold pieces.

Inventory:

Hand Weapons
 f - a +0 club
 k - a +0 hand axe
 p - a +2 short sword of draining (weapon)
Armour
 b - a +0 robe (worn)
 c - a +0 hat (worn)
Jewellery
 h - an amulet of faith
Scrolls
 e - a scroll of noise {unknown}
 g - a scroll of summoning {unknown}
 i - a scroll of teleportation {unknown}
 l - a scroll of immolation {unknown}
 q - a scroll of magic mapping {unknown}
Potions
 a - 2 potions of brilliance {unknown}
 d - a potion of magic
 j - 2 potions of curing {unknown}
 m - 3 potions of haste {unknown}
 n - a potion of invisibility {unknown}
 o - a potion of lignification {unknown}


   Skills:
 * Level 1.9 Fighting
 * Level 0.5 Maces & Flails
 + Level 0.6 Armour
 + Level 2.1 Dodging
 + Level 1.8 Stealth
 + Level 0.4 Unarmed Combat
 + Level 3.8 Spellcasting
 + Level 1.3 Conjurations
 + Level 1.1 Summonings
 + Level 1.2 Translocations


You had 2 spell levels left.
You knew the following spells:

 Your Spells              Type           Power      Damage    Failure   Level
a - Magic Dart            Conj           24%        1d4       11%         1
b - Blink                 Tloc           12%        N/A       17%         2
d - Mephitic Cloud        Conj/Pois/Air  4%         N/A       43%         3
e - Call Imp              Summ           6%         N/A       17%         2

Your spell library contained the following spells:

 Spells                   Type           Power      Damage    Failure   Level
 Slow                     Hex            8%         N/A       19%         1
 Cigotuvi's Dreadful Rot  Necr/Pois/Air  4%         N/A       28%         2


Dungeon Overview and Level Annotations

Branches:
Dungeon (2/15)

Altars:


Innate Abilities, Weirdness & Mutations

You are too large for most types of armour.
You have tough skin. (AC +1)


Message History

The gnoll shouts!
You hear a shout! x2
A gnoll comes into view. It is wielding a +0 halberd.
A kobold comes into view. It is wielding a +0 short sword.
A gnoll comes into view. It is wielding a +0 club.
The gnoll shouts!
Casting: Magic Dart (safe; 11% risk of failure)
Confirm with . or Enter, or press ? or * to list all spells.
The spell is quite dangerous to miscast (43% risk of failure)!
Continue anyway?
Aiming: Mephitic Cloud (quite dangerous; 43% risk of failure)
Press: ? - help, Shift-Dir - straight line, f - gnoll
Aim: a gnoll, wielding a +0 club (chance to affect: 91%)
You miscast Mephitic Cloud.
You are very lightly contaminated with residual magic.
Nothing appears to happen.
The gnoll shouts!
Unknown command.
You barely miss the gnoll. The gnoll hits you but does no damage.
You barely miss the gnoll. The gnoll hits you with a +0 club!
You barely miss the gnoll. The gnoll closely misses you.
You hit the gnoll but do no damage. You drain the gnoll.
The gnoll is lightly wounded.
A goblin comes into view. It is wielding a +0 club.
The gnoll hits you with a +0 club.
You closely miss the gnoll.
The gnoll is lightly wounded.
The gnoll hits you with a +0 club.
A goblin comes into view. It is wielding a +0 dagger.
The goblin shouts! x2
You hit the gnoll. You drain the gnoll.
The gnoll is severely wounded.
The gnoll hits you with a +0 club.
You hit the gnoll. You drain the gnoll.
You kill the gnoll!
You hit the kobold.
You kill the kobold!
A giant cockroach comes into view.
The gnoll hits you from afar with a +0 halberd!
* * * LOW HITPOINT WARNING * * *
The gnoll hits you with a +0 halberd!
You die...

### ## ..# ##. # #.#
###.. ... #.# #....
##.g#####.###### #.#..
#..ggg@..[...(.####.##.
#..B####........(...##.
#. ###.)####.###..###
..##....####.# #..#
...........#.# #..#
#.###...##.......... ..
#.....##.####### #.....
.... .......##.# .


You could see 2 gnolls, a giant cockroach and 2 goblins.

Vanquished Creatures
  2 gnolls (D:2)
  An adder (D:2)
  3 dart slugs (D:1)
  3 orcs (D:2)
  2 bats
  An endoplasm (D:1)
  A giant cockroach (D:1)
  4 goblins
  2 hobgoblins (D:1)
  6 kobolds
  5 ball pythons
  A frilled lizard (D:2)
  2 rats (D:1)
33 creatures vanquished.

Notes
Turn   | Place    | Note
-------+----------+-------------------------------------------
     0 | D:1      | Ignak the Ogre Hedge Wizard began the quest for the Orb.
     0 | D:1      | Reached XP level 1. HP: 16/16 MP: 5/5
   196 | D:1      | Reached skill level 1 in Conjurations
   196 | D:1      | Reached skill level 1 in Summonings
   196 | D:1      | Reached skill level 1 in Translocations
   200 | D:1      | Reached XP level 2. HP: 18/26 MP: 1/6
   310 | D:1      | Reached skill level 1 in Fighting
   545 | D:1      | Reached XP level 3. HP: 31/33 MP: 4/8
   548 | D:1      | Learned a level 2 spell: Call Imp
   551 | D:1      | Learned a level 2 spell: Blink
   555 | D:1      | Learned a level 3 spell: Mephitic Cloud
  1112 | D:1      | Found a faded altar of an unknown god.
  1639 | D:2      | Reached XP level 4. HP: 35/39 MP: 9/9
  1651 | D:2      | Slain by a gnoll

Illustrated notes

Levels and vault maps discovered:
D:1:      dpeg_arrival_arbitrary_b, layout_basic, serial_forest,
          infiniplex_forest_clump_tiny, infiniplex_forest_straight_4,
          infiniplex_forest_lined_3, infiniplex_forest_lined_room_2,
          shapermc_ecumenical_altar_hornbeckon
D:2:      layout_loops_ring, st_stairs_3, minivault_19

Skill      XL: |  1  2  3 |
---------------+----------+-----
Conjurations   | 1 |  1.3
Summonings     | 1 |  1.1
Translocations | 1 |  1.2
Fighting       | 1 |  1.9
Dodging        | 2 |  2.1
Maces & Flails | |  0.5
Armour         | |  0.6
Stealth        | |  1.8
Unarmed Combat | |  0.4
Spellcasting   | |  3.8

Action                   |  1- 3 |  4- 6 || total
-------------------------+-------+-------++-------
Melee: Dagger            |    35 |       ||    35
       Club              |    85 |       ||    85
       Short sword       |     4 |     8 ||    12
       Punch             |     1 |       ||     1
 Cast: Magic Dart        |    22 |       ||    22
       Mephitic Cloud    |     1 |       ||     1
       Call Imp          |     1 |       ||     1
Armor: Robe              |    47 |     1 ||    48
Dodge: Dodged            |    70 |     1 ||    71

Table legend: (Time is in decaauts)
 A = Elapsed time spent in this place.
 B = Non-inter-level travel time spent in this place.
 C = Inter-level travel time spent in this place.
 D = Time resting spent in this place.
 E = Time spent auto-exploring this place.
 F = Levels seen in this place.
 G = Mean time per level.
                   A        B        C        D        E       F      G
               +--------+--------+--------+--------+--------+-----+--------+
         Total |   1674 |   1612 |     62 |    186 |    948 |   2 |  837.0 |
       Dungeon |   1674 |   1612 |     62 |    186 |    948 |   2 |  837.0 |
               +--------+--------+--------+--------+--------+-----+--------+

Top non-repeatable levels by time:
     D:1: 1221 daAuts
     D:2: 453 daAuts
